Map: Blueshift LE

Players

Denver - Winner!

  • Race: Zerg Zerg
  • Spawn Location: 7:00

Stephano

  • Race: Zerg Zerg
  • Spawn Location: 1:00

Event: WCS Montreal 2018

VOD

Have the link to the VOD?

Description

Time

  • Played on: Sept. 7, 2018, 8:33 p.m.
  • Length: 9:48

All games in this series

Show
View Real Time Build Order
Export as new Build Order

Denver Zerg - Winner!

Build Orders: Pool First, Zergling Baneling 

Get SALT Encoding   

  12  0:00  Drone  
  13  0:12  Overlord  
  13  0:16  Drone  
  14  0:31  Drone x2  
  14  0:35  Drone  
  17  0:44  Extractor  
  17  0:46  Spawning Pool  
  15  0:50  Drone  
  15  0:57  Drone  
  17  1:15  Hatchery  
  16  1:18  Drone  
  17  1:33  Zergling x4  
  17  1:38  Queen  
  21  1:45  Metabolic Boost  
  21  1:52  Overlord  
  21  1:56  Zergling x2  
  22  2:10  Baneling Nest  
  22  2:11  Zergling x4  
  23  2:20  Queen  
  25  2:25  Zergling x2  
  25  2:29  Zergling x2  
  27  2:35  Drone  
  28  2:39  Zergling x2  
  29  2:46  Drone  
  29  2:47  Drone  
  31  2:51  Drone  
  31  2:55  Baneling x3  
  31  2:58  Drone  
  33  3:01  Drone  
  33  3:03  Baneling  
  34  3:07  Zergling x2  
  34  3:10  Drone  
  36  3:16  Overlord  
  33  3:28  Drone x4  
  33  3:33  Zergling x2  
  35  3:35  Baneling  
  35  3:38  Zergling x6  
  38  3:42  Zergling x4  
  38  3:47  Zergling x2  
  40  3:52  Zergling x2  
  39  3:57  Baneling x2  
  39  4:02  Zergling x10  
  44  4:06  Overlord  
  44  4:17  Overlord  
  44  4:25  Hatchery  
  44  4:28  Drone  
  44  4:31  Drone x2  
  42  4:33  Baneling  
  42  4:34  Baneling  
  42  4:36  Drone  
  41  4:38  Drone  
  41  4:40  Drone  
  43  4:47  Drone x3  
  43  4:49  Drone  
  46  4:59  Zergling x2  
  48  5:00  Zergling x8  
  48  5:05  Zergling x2  
  48  5:06  Zergling x2  
  49  5:08  Queen  
  49  5:12  Overlord  
  50  5:16  Zergling x4  
  50  5:20  Overlord  
  52  5:24  Roach Warren  
  52  5:26  Baneling x2  
  51  5:29  Extractor  
  51  5:31  Drone x3  
  53  5:36  Evolution Chamber  
  52  5:47  Drone x8  
  57  5:51  Drone  
  57  5:52  Drone  
  58  6:01  Overlord  
  58  6:07  Zerg Missile Weapons Level 1, Zergling x2  
  58  6:08  Zergling x10  
  62  6:14  Extractor  
  61  6:19  Roach x3  
  61  6:21  Roach  
  61  6:25  Spine Crawler  
  67  6:26  Baneling x2  
  67  6:27  Roach  
  67  6:31  Roach x2  
  69  6:41  Roach x5  
  69  6:45  Roach  
  69  6:46  Zergling x4  
  82  6:52  Zergling x2  
  82  6:53  Zergling x6  
  85  6:57  Zergling x6  
  85  7:00  Zergling x4  
  86  7:05  Lair  
  86  7:10  Drone  
  86  7:11  Drone x2  
  86  7:12  Overlord  
  89  7:18  Overlord  
  89  7:21  Overlord  
  89  7:30  Overlord  
  89  7:32  Drone x6  
  89  7:35  Roach  
  95  7:42  Roach x4  
  98  7:47  Roach  
  97  7:52  Roach x2  
  97  7:56  Queen  
  97  7:57  Roach  
  105  8:03  Roach x3  
  105  8:04  Zergling x2  
  112  8:07  Glial Reconstitution  
  112  8:10  Roach x2  
  116  8:15  Overlord  
  116  8:19  Roach x2  
  119  8:23  Overlord  
  113  8:28  Roach x2  
  113  8:33  Roach x2  
  121  8:36  Overlord  
  121  8:38  Roach x2  
  121  8:40  Roach  
  126  8:47  Roach x3  
  127  8:54  Roach x3  
  115  9:04  Roach  
  115  9:05  Roach x3  
  119  9:15  Zergling x8, Roach  
Show
View Real Time Build Order
Export as new Build Order

Stephano Zerg 

Build Orders: Hatch First 

Get SALT Encoding   

  12  0:00  Drone  
  13  0:13  Overlord  
  13  0:16  Drone  
  14  0:31  Drone x2  
  16  0:47  Hatchery  
  15  0:51  Drone  
  15  0:54  Drone  
  17  0:57  Drone  
  18  1:08  Extractor  
  17  1:13  Spawning Pool  
  17  1:15  Drone  
  17  1:20  Drone  
  18  1:28  Drone  
  19  1:41  Drone  
  20  1:51  Drone  
  21  1:59  Queen x2  
  21  2:01  Zergling x4  
  27  2:06  Spine Crawler  
  26  2:11  Overlord  
  26  2:13  Zergling x2  
  27  2:17  Metabolic Boost  
  27  2:26  Zergling x2  
  28  2:38  Queen  
  30  3:00  Hatchery  
  30  3:04  Drone  
  30  3:05  Zergling x8, Baneling Nest  
  30  3:07  Zergling x2  
  34  3:21  Zergling x4  
  34  3:26  Zergling x2  
  34  3:27  Zergling x6  
  34  3:43  Zergling x2  
  34  3:45  Overlord  
  34  3:46  Overlord  
  35  3:57  Baneling x2  
  35  3:58  Baneling  
  35  3:59  Drone  
  35  4:03  Overlord  
  35  4:04  Drone x2  
  35  4:08  Drone  
  35  4:09  Drone  
  39  4:13  Drone  
  40  4:18  Drone x2  
  42  4:25  Zergling x4  
  42  4:30  Overlord  
  42  4:31  Baneling  
  42  4:37  Overlord  
  42  4:42  Overlord  
  42  4:44  Overlord  
  42  4:46  Drone  
  42  4:48  Drone  
  42  4:51  Extractor  
  43  4:55  Roach Warren  
  34  5:01  Zergling x6  
  37  5:08  Spore Crawler  
  37  5:12  Zergling x6  
  39  5:19  Drone x3  
  39  5:20  Drone  
  43  5:24  Baneling x2  
  43  5:26  Zergling x4  
  45  5:30  Zergling x4  
  45  5:33  Baneling x2  
  47  5:46  Baneling x2  
  47  5:48  Roach x3  
  51  5:53  Overlord  
  51  5:58  Roach  
  53  6:10  Roach  
  54  6:12  Zergling x20  
  64  6:20  Zergling x6  
  67  6:29  Roach x2  
  69  6:35  Roach  
  70  6:42  Zergling x10  
  72  7:00  Roach x2  
  63  7:03  Zergling x20  
  69  7:11  Drone x2  
  69  7:16  Evolution Chamber  
  69  7:17  Drone  
  69  7:24  Roach x3  
  69  7:28  Zergling x4, Spine Crawler  
  69  7:29  Baneling, Spine Crawler  
  75  7:32  Zergling x2  
  75  7:33  Zergling x2  
  76  7:43  Roach  
  74  7:45  Zergling x10  
  79  7:54  Drone x5  
  79  7:57  Extractor x2  
  79  7:58  Drone x3  
  87  8:00  Drone x2  
  89  8:14  Drone x6  
  84  8:31  Roach x5  
  94  8:37  Zergling x8  
  98  8:46  Roach x3  
  98  8:53  Roach x2  
  98  8:54  Zergling x4  
  93  9:00  Roach x2  
  89  9:04  Roach  
  89  9:05  Zergling x2  
  76  9:12  Roach x2  
  76  9:15  Roach  
  70  9:18  Zergling x4  
  70  9:22  Zergling x4  
Tags
 
Add a new tag
Caveats
  • Supply blocks, unpowered buildings, or Contaminate may cause inaccurate times.
  • Supply counts are checked every 10 seconds.